Cogmind - Beta 15 *** ADVENTURER MODE // 2025.10.09 @ 21:42:58 Player: 65words Result: Destroyed by C-40 Crusher with Compactor Performance ------------- Evolutions (3) 1500 Regions Visited (5) 1000 Robots Destroyed (52) 260 Value Destroyed (1691) 1691 Prototype IDs (1) 20 Alien Tech Used (0) 0 Bonus (0) 0 TOTAL SCORE: 4471 Bonus ------- None Cogmind --------- Core Integrity 0/700 Matter 300/300 Energy 67/100 System Corruption 36% Temperature Cool (0) Movement Core (50) Location -7/Waste Parts ------- > --- POWER (3) -------- (None) > --- PROPULSION (3) --- (None) > --- UTILITY (5) ------ (None) > --- WEAPON (2) ------- (None) > --- INVENTORY (5) ---- Light Ion Engine Wheel Peak State ------------ > --- POWER ------------ Deuterium Engine Light Nuclear Core Light Nuclear Core > --- PROPULSION ------- Improved Aluminum Leg Improved Aluminum Leg Improved Aluminum Leg > --- UTILITY ---------- High-capacity Battery Machine Analyzer Armor Integrity Analyzer Transmission Jammer Hardlight Generator > --- WEAPON ----------- Rocket Launcher Heavy Flail > --- INVENTORY -------- Heavy Deuterium Engine Heavy Deuterium Engine Heavy Deuterium Engine Transmission Jammer Scythe [Rating: 37] Favorites ----------- Power Light Nuclear Core Engine Heavy Deuterium Engine Power Core Light Nuclear Core Propulsion Improved Aluminum Leg Treads Light Treads Leg Improved Aluminum Leg Wheel Wheel Flight Unit VTOL Module Utility High-capacity Battery Device Hardlight Generator Storage High-capacity Battery Processor Armor Integrity Analyzer Hackware Advanced Hacking Suite Protection Light Armor Plating Weapon Heavy Flail Energy Gun Particle Gun Ballistic Gun Light Assault Rifle Launcher Rocket Launcher Impact Weapon Heavy Flail Slashing Weapon Mining Claw Special Melee Weapon Datajack Build | -11 -10 -10 -8 -7 -7 ------- Run | Yrd Mat Sub Mat Fac Was Slots Evolved 6 | . . . 4 2 . Power 2 | . . . 1 1 . Propulsion 1 | . . . 1 . . Utility 3 | . . . 2 1 . Weapon . | . . . . . . Parts Attached 56 | 6 6 2 24 16 2 Power 17 | 1 . 1 8 7 . Engine 11 | 1 . 1 6 3 . Core 6 | . . . 2 4 . Reactor . | . . . . . . Propulsion 14 | 2 . 1 7 4 . Treads 3 | 2 . 1 . . . Leg 7 | . . . 7 . . Wheel 2 | . . . . 2 . Hover . | . . . . . . Flight 2 | . . . . 2 . Utility 17 | 1 3 . 6 5 2 Device 11 | . 1 . 4 5 1 Storage 2 | 1 1 . . . . Processor 2 | . . . 2 . . Hackware 1 | . . . . . 1 Protection 1 | . 1 . . . . Artifact . | . . . . . . Weapon 8 | 2 3 . 3 . . Energy Gun 1 | . 1 . . . . Energy Cannon . | . . . . . . Ballistic Gun 2 | 2 . . . . . Ballistic Cannon . | . . . . . . Launcher 1 | . . . 1 . . Special Weapon . | . . . . . . Impact Weapon 1 | . . . 1 . . Slashing Weapon 2 | . 1 . 1 . . Piercing Weapon . | . . . . . . Special Melee Weapon 1 | . 1 . . . . Unidentified Prototypes 1 | . . . . 1 . Corrupted Parts 1 | . . . . 1 . System Corruption 3 | . . . . 3 . Parts Lost 39 | . 1 3 12 18 5 Power 13 | . . . 7 4 2 Propulsion 7 | . . 1 1 4 1 Utility 14 | . . 2 2 8 2 Weapon 5 | . 1 . 2 2 . Highest Loss Streak 10 | . 1 2 6 10 5 To Critical Strikes 1 | . . . 1 . . Average Backups 2 | . 1 3 3 2 1 Power 1 | . . . 1 1 1 Propulsion . | . . . . . . Utility . | . . 1 . . . Weapon . | . 1 1 . . . Tool/Special . | . . . . . . Unused Backups 8 | . . 1 2 2 3 Power 2 | . . . . 1 1 Propulsion 3 | . . 1 1 . 1 Utility 1 | . . . 1 . . Weapon 1 | . . . . . 1 Tool/Special 1 | . . . . 1 . Average Slot Usage (%) 78 | . 95 71 82 69 57 Engine 10 | . 14 14 7 11 6 Core 5 | . . . 6 7 12 Treads 9 | . 28 25 2 . . Leg 9 | . . . 17 9 . Device 9 | . . 4 11 16 7 Storage 7 | . 22 . 8 3 . Processor 7 | . . . 12 9 . Protection 2 | . 2 11 . . . Impact Weapon 4 | . . . 5 7 6 Slashing Weapon 7 | . 12 14 7 . . Peak Build Rating 37 | 6 8 6 29 37 34 Average Rating 18 | 4 7 5 22 28 25 On Entrance 11 | . 6 6 4 26 25 Naked Turns 5 | . . . . . 5 Heaviest Build 39 | 12 19 11 31 39 30 Greatest Support 41 | 40 40 40 41 39 10 Greatest Overweight (x) 12 | . . . 4 12 4 Average Overweight (x) . | . . . . 2 2 Largest Inventory Capacity 8 | 8 8 5 5 5 5 Average Capacity 5 | 6 7 5 5 5 5 Most Carried 5 | 3 4 5 5 5 3 Average Carried 2 | . 1 4 3 2 1 Final Capacity 8 | 8 5 5 5 5 5 Final Carried 5 | . 3 5 5 1 2 Class Distribution -------------------- 77% | Mutant 11% | Scavenger-Mutant 9% | Infiltrator-Mutant Dominant Class ---------------- Mutant | -10/Materials Mutant | -10/Subcaves Mutant | -8/Materials Mutant | -7/Factory Hacker-Mutant | -7/Waste Resources | -11 -10 -10 -8 -7 -7 ----------- Run | Yrd Mat Sub Mat Fac Was Matter Collected 840 | 92 137 111 300 142 58 Remotely . | . . . . . . Salvage Created 1818 | . 137 8 1169 504 . Parts 66 | . 4 2 42 18 . Haulers Intercepted 1 | . . . 1 . . Recyclers Shooed . | . . . . . . Parts Field Recycled . | . . . . . . Retrieved Matter . | . . . . . . Parts Self-Destructed 7 | . . 7 . . . Prevented . | . . . . . . Kills | -11 -10 -10 -8 -7 -7 ------- Run | Yrd Mat Sub Mat Fac Was Combat Hostiles Destroyed 41 | . 5 1 23 12 . Melee 25 | . 5 1 13 6 . AOE 3 | . . . 2 1 . Classes Destroyed 12 | . 2 . 7 3 . Worker 1 | . . . . 1 . Builder 4 | . . . 3 1 . Tunneler 1 | . . . 1 . . Hauler 1 | . . . 1 . . Recycler 1 | . . . . 1 . Watcher 3 | . . . 3 . . Swarmer 12 | . 3 1 5 3 . Grunt 20 | . 2 . 12 6 . Brawler 2 | . . . 1 1 . Sentry 4 | . . . 4 . . Hunter 1 | . . . 1 . . Programmer 2 | . . . . 2 . Best Kill Streak 5 | . 3 1 4 5 . Combat Bots Only 4 | . 3 1 3 4 . Max Kills in Single Turn 4 | . 1 1 4 2 . Gunslinging . | . . . . . . Exploded 2 | . . . 2 1 . Melee 1 | . 1 1 1 1 . Uniques/NPCs Destroyed . | . . . . . . Combat | -11 -10 -10 -8 -7 -7 -------- Run | Yrd Mat Sub Mat Fac Was Hostile Shots Fired 530 | . 39 60 238 185 8 Missed 150 | . 12 19 65 53 1 Hits 380 | . 27 41 173 132 7 Melee 22 | . . . 3 12 7 Projectile 358 | . 27 41 170 120 . AOE 1 | . . 1 . . . Critical Strikes 20 | . . . 8 9 3 Part Disruptions 4 | . . . . 4 . Damage Taken 4017 | . 225 461 1545 1552 234 Core 1263 | . 80 66 406 504 207 Absorbed by Shields 484 | . . . 320 164 . Ignored by Resistances 1302 | . 69 138 547 487 61 Core Remaining (%) 55 | 100 . 41 26 . . Volleys Fired 6 | . . . 4 2 . Largest 1 | . . . 1 1 . Hottest 65 | . . . 65 33 . Shots Fired 6 | . . . 4 2 . Gun 4 | . . . 4 . . Cannon . | . . . . . . Launcher 2 | . . . . 2 . Special . | . . . . . . Kinetic . | . . . . . . Thermal 4 | . . . 4 . . Explosive 2 | . . . . 2 . Electromagnetic . | . . . . . . Robot Hit Streak 3 | . . . 3 . . Robot Miss Streak 2 | . . . 1 2 . Penetration Max . | . . . . . . Secondary Targets . | . . . . . . Shots Hit Robots 142 | . 17 10 71 44 . Core Hits 45 | . 5 3 25 10 2 Critical Kills 2 | . . . 1 1 . Critical Parts Destroyed 10 | . . . 6 4 . Critical Strikes 18 | . . . 9 9 . Smash 14 | . . . 8 6 . Sever 4 | . . . 1 3 . Melee Attacks 173 | . 18 11 91 53 . Impact 101 | . . . 54 47 . Slashing 70 | . 16 11 37 6 . Piercing . | . . . . . . Sneak Attacks 4 | . 1 . 2 1 . Combat Hostiles . | . . . . . . Follow-up Attacks 7 | . . . 4 3 . Damage Inflicted 5307 | . 330 209 2860 1886 22 Guns 42 | . . . 42 . . Cannons . | . . . . . . Explosions 314 | . . . 140 174 . Melee 4928 | . 330 209 2678 1711 . Ramming 23 | . . . . 1 22 Kinetic . | . . . . . . Thermal 42 | . . . 42 . . Explosive 174 | . . . . 174 . Electromagnetic 140 | . . . 140 . . Impact 3533 | . . . 1961 1572 . Slashing 1395 | . 330 209 717 139 . Piercing . | . . . . . . Highest Corruption 36 | . 1 1 8 25 36 Average Corruption 8 | . 1 1 7 17 29 Corruption Purged . | . . . . . . Corruption Blocked . | . . . . . . Effects 83 | . . 6 35 30 12 Message Errors 23 | . . 2 10 9 2 Matter Fused 17 | . . 1 6 9 1 Heat Flow Errors 10 | . . 1 5 3 1 Energy Discharges 9 | . . . 7 1 1 Data Loss (minor) 8 | . . 1 3 2 2 Data Loss (major) 8 | . . 1 2 4 1 Alerts 3 | . . . 2 1 . Misdirections 5 | . . . . 1 4 Overload Shots . | . . . . . . Overflow Damage 1087 | . 6 . 558 523 . Projectiles . | . . . . . . Explosions 10 | . . . . 10 . Melee 1077 | . 6 . 558 513 . Knockbacks 13 | . . . 8 5 . Impact 13 | . . . 8 5 . Kinetic . | . . . . . . Secondary . | . . . . . . Self-Inflicted Damage 63 | . . . 42 11 10 Shots 3 | . . . 2 1 . Rammed 7 | . . . . 1 6 Targets Rammed 7 | . . . . 1 6 Kicked . | . . . . . . Crushed . | . . . . . . Highest Temperature 269 | . . 81 249 269 138 Average Temperature 94 | . . 45 99 88 82 Received Heat Transfer 1535 | . 93 243 863 336 . Siege Activations . | . . . . . . Martial Activations . | . . . . . . Shielding Activations . | . . . . . . Robots Disrupted . | . . . . . . Combat Hostiles . | . . . . . . Robots Corrupted 15 | . . . 11 4 . Combat Hostiles 12 | . . . 8 4 . Parts Fried 16 | . . . 13 3 . Impact Corruptions 40 | . . . 24 16 . Robots Melted . | . . . . . . Combat Hostiles . | . . . . . . Parts Melted 1 | . . . . 1 . Heat Transferred 111 | . . . 111 . . Parts Sabotaged . | . . . . . . Parts Stolen . | . . . . . . Parts Stripped . | . . . . . . Power Chain Reactions . | . . . . . . Alert | -11 -10 -10 -8 -7 -7 ------- Run | Yrd Mat Sub Mat Fac Was Maximum Alert Level . | . . . . . . Low Security (%) 100 | 100 100 . 100 100 100 Level 1 . | . . . . . . Level 2 . | . . . . . . Level 3 . | . . . . . . Level 4 . | . . . . . . Level 5 . | . . . . . . High Security . | . . . . . . Max Security . | . . . . . . Peak Influence 130 | . 60 . 125 130 . Initial 27 | . . . . 27 . Average 27 | . 11 . 35 29 . Influence Increases 1250 | . 120 50 670 410 . Destroy 0b10 Robot/C 820 | . 100 20 460 240 . Destroy 0b10 Robot/NC 55 | . . . 40 15 . Destroy Leader 158 | . 20 . 98 40 . Successful Hack 6 | . . . . 6 . Disable Machine 36 | . . . 27 9 . Destroy Structure 10 | . . . . 10 . Lose Combat Pursuer 165 | . . 30 45 90 . Influence Decreases 1250 | . 120 50 600 480 . Entered New Map 43 | . . . . 43 . Time Decay 1047 | . 120 40 570 317 . Lost Part 160 | . . 10 30 120 . Squads Dispatched 2 | . 1 . . 1 . Investigation 1 | . 1 . . . . Extermination 1 | . . . . 1 . Reinforcement . | . . . . . . Assault . | . . . . . . Garrison . | . . . . . . Intercept . | . . . . . . Searches Triggered . | . . . . . . Construction Impeded . | . . . . . . Haulers Reinforced . | . . . . . . Active Scanning Responses . | . . . . . . Cargo Convoy Interrupts . | . . . . . . Stealth | -11 -10 -10 -8 -7 -7 --------- Run | Yrd Mat Sub Mat Fac Was Distress Signals 1 | . . . 1 . . Communications Jammed 1 | . . . . 1 . Distress Signals 1 | . . . . 1 . Times Spotted 78 | . 6 15 36 18 3 Peak Tracking Total 6 | . 3 6 4 5 3 Tactical Retreats 8 | . . 1 3 4 . Traps | -11 -10 -10 -8 -7 -7 ------- Run | Yrd Mat Sub Mat Fac Was Traps Triggered 3 | . 2 . . 1 . Indirectly . | . . . . . . Trap Hack Attempts . | . . . . . . Triggered . | . . . . . . Disarmed . | . . . . . . Reprogrammed . | . . . . . . Reused . | . . . . . . Traps Extracted . | . . . . . . Installed . | . . . . . . Triggered . | . . . . . . Machines | -11 -10 -10 -8 -7 -7 ---------- Run | Yrd Mat Sub Mat Fac Was Machines Disabled 4 | . . . 3 1 . Max in Single Turn 2 | . . . 2 1 . Machines Repaired . | . . . . . . Machines Dismantled . | . . . . . . Machines Sabotaged . | . . . . . . Overloaded Fab Kills . | . . . . . . Hacking | -11 -10 -10 -8 -7 -7 --------- Run | Yrd Mat Sub Mat Fac Was Machines Accessed 6 | . . 1 2 3 . Terminals 2 | . . . . 2 . Fabricators . | . . . . . . Repair Stations . | . . . . . . Recycling Units 2 | . . . 2 . . Scanalyzers 1 | . . . . 1 . Garrison Access . | . . . . . . Total Hacks 13 | . . 4 5 4 . Successful 12 | . . 4 5 3 . Failed 1 | . . . . 1 . Catastrophic . | . . . . . . Database Lockouts . | . . . . . . Manual . | . . . . . . Terminals 2 | . . . . 2 . Fabricators . | . . . . . . Repair Stations . | . . . . . . Recycling Units 5 | . . . 5 . . Scanalyzers 2 | . . . . 2 . Garrison Access . | . . . . . . Terminal Hacks 5 | . . 4 . 1 . Record 4 | . . 4 . . . Surveillance Status 1 | . . . . 1 . Fabricator Hacks . | . . . . . . Repair Station Hacks . | . . . . . . Recycling Unit Hacks 5 | . . . 5 . . Recycle Component 1 | . . . 1 . . Process 1 | . . . 1 . . Report Inventory 2 | . . . 2 . . Retrieve Matter 1 | . . . 1 . . Scanalyzer 2 | . . . . 2 . Insert Component 1 | . . . . 1 . Analyze 1 | . . . . 1 . Garrison Access Hacks . | . . . . . . Unauthorized Hacks . | . . . . . . Terminals . | . . . . . . Fabricators . | . . . . . . Repair Stations . | . . . . . . Recycling Units . | . . . . . . Scanalyzers . | . . . . . . Garrison Access . | . . . . . . Data Cores Recovered . | . . . . . . Used . | . . . . . . Hacking Detections 1 | . . . . 1 . Full Trace Events . | . . . . . . Feedback Events . | . . . . . . Feedback Blocked . | . . . . . . Robot Schematics Acquired . | . . . . . . Robots Built . | . . . . . . Authchips . | . . . . . . Time . | . . . . . . Total Robot Build Rating . | . . . . . . Part Schematics Acquired 1 | . . . . 1 . Parts Built . | . . . . . . Authchips . | . . . . . . Time . | . . . . . . Total Part Build Rating . | . . . . . . Parts Repaired . | . . . . . . Time . | . . . . . . Parts Recycled 1 | . . . 1 . . Recycled Matter 244 | . . . 244 . . Retrieved Matter 244 | . . . 244 . . Retrieved Components . | . . . . . . Parts Scanalyzed 1 | . . . . 1 . Part Schematics Acquired 1 | . . . . 1 . Parts Damaged . | . . . . . . Bothacking | -11 -10 -10 -8 -7 -7 ------------ Run | Yrd Mat Sub Mat Fac Was Used RIF Installer . | . . . . . . Robots Hacked 2 | . 2 . . . . Non-combat 1 | . 1 . . . . Combat 1 | . 1 . . . . Robot Hacks Applied 2 | . 2 . . . . parse_system 1 | . 1 . . . . no_distress 1 | . 1 . . . . Relay Couplers Released . | . . . . . . Fabnet Peak Effective % . | . . . . . . Robots Rewired . | . . . . . . Allies Hacked . | . . . . . . Hacks Repelled . | . . . . . . Allies | -11 -10 -10 -8 -7 -7 -------- Run | Yrd Mat Sub Mat Fac Was Total Allies 1 | . . . . . 1 Largest Group 1 | . . . . . 1 Highest-Rated Group 31 | . . . . . 31 Highest-Rated Ally 31 | . . . . . 31 Total Orders . | . . . . . . Ally Attacks 9 | . . . . . 9 Total Damage 148 | . . . . . 148 Kills . | . . . . . . Allies Corrupted . | . . . . . . Allies Melted . | . . . . . . Intel | -11 -10 -10 -8 -7 -7 ------- Run | Yrd Mat Sub Mat Fac Was Active Infowar (turns) 1903 | . 22 195 721 855 110 Sensors 217 | . 22 195 . . . Seismic 101 | . . . . 101 . Machine Analysis 1509 | . . . 721 788 . Jamming 720 | . . . . 720 . ECM 501 | . . . . 391 110 Robot Analysis Total . | . . . . . . Derelict Logs Recovered 1 | . . 1 . . . Drone Launches . | . . . . . . Drone Recoveries . | . . . . . . Exploration | -11 -10 -10 -8 -7 -7 ------------- Run | Yrd Mat Sub Mat Fac Was Turns Passed 4019 | 99 595 623 1641 935 126 Spaces Moved 1969 | 44 305 334 857 348 81 Core 132 | 5 . . 57 60 10 Treads 834 | 39 305 334 156 . . Legs 856 | . . . 644 212 . Wheels 123 | . . . . 66 57 Hover . | . . . . . . Flight 24 | . . . . 10 14 Fastest Speed 50 | 50 160 160 100 80 50 Average Speed 156 | 147 160 160 137 201 135 Slowest Speed 650 | 160 160 160 260 650 277 Overloaded Moves . | . . . . . . Propulsion Burnouts . | . . . . . . Robots Hopped . | . . . . . . Potential Cave-ins . | . . . . . . Cave-ins Triggered . | . . . . . . Exploration Rate (%) 27 | 5 41 26 48 11 31 Regions Visited 5 Branch Regions 1 Pre-discovered Areas . | . . . . . . Known Exits Taken . | . . . . . . Unknown Exits Taken 4 | 1 1 1 1 . . Scrap Searched 3 | . . 3 . . . Spaces Dug . | . . . . . . Terrain Destroyed 9 | . . . . 9 . Melee . | . . . . . . Projectile . | . . . . . . AOE 9 | . . . . 9 . Terrain Rammed . | . . . . . . Walls Destroyed . | . . . . . . Machines Disabled . | . . . . . . Actions | -11 -10 -10 -8 -7 -7 --------- Run | Yrd Mat Sub Mat Fac Was Total 2654 | 78 383 402 1188 505 98 Wait 348 | 23 41 48 168 67 1 Move 1965 | 43 304 333 856 348 81 Hop . | . . . . . . Pick Up 68 | 6 6 5 30 16 5 Fast Attach . | . . . . . . Attach 62 | 6 6 2 29 17 2 Detach 11 | . 5 . 6 . . Swap . | . . . . . . Drop 23 | . 3 3 11 4 2 Fire 6 | . . . 4 2 . Melee 163 | . 18 11 84 50 . Ram 8 | . . . . 1 7 Kick . | . . . . . . Crush . | . . . . . . Escape Stasis . | . . . . . . Rewire . | . . . . . . Trap . | . . . . . . Miscellaneous . | . . . . . . Route ------- -11/Scrapyard -10/Materials -10/Subcaves (discovered 2 exits: *Mat / [*Rec]) -8/Materials -7/Factory -7/Waste History --------- Turn | Location | Event 27 | -11/Scrapyard | Discovered new exit (range 16) 100 | -11/Scrapyard | Entered Materials 307 | -10/Materials | Build established: Mutant 684 | -10/Materials | Discovered new exit (range 7) 695 | -10/Materials | Entered Subcaves 696 | -10/Subcaves | Approached by a straggling Scientist 800 | -10/Subcaves | Ambushed by swarm of Subdwellers 874 | -10/Subcaves | Core integrity fell below 50% 877 | -10/Subcaves | Discovered new exit (range 11) 943 | -10/Subcaves | Shifting Twisted Machinery released Spk. Treads 994 | -10/Subcaves | Learned 2 Materials zone layouts 1131 | -10/Subcaves | Visited Clippyterm 1135 | -10/Subcaves | Learned Factory garrison access intel 1150 | -10/Subcaves | Discovered new exit (range 12) 1264 | -10/Subcaves | Shifting Twisted Machinery released Riot Gun 1318 | -10/Subcaves | Entered Materials 1318 | -8/Materials | Evolved 4 slots: Power x1, Propulsion x1, Utility x2 1838 | -8/Materials | Lost 6 parts (1p1n2u2w) 1878 | -8/Materials | Core integrity fell below 50% 1899 | -8/Materials | Lost 3 parts (3p) 2235 | -8/Materials | Build established: Scavenger-Mutant 2589 | -8/Materials | Discovered new exit (range 10) 2721 | -8/Materials | Build established: Mutant 2959 | -8/Materials | Entered Factory 2959 | -7/Factory | Evolved 2 slots: Power x1, Utility x1 2960 | -7/Factory | Loaded intel: 4 garrison access locations 3334 | -7/Factory | System corruption reached 10% 3422 | -7/Factory | Lost 10 parts (2p3n4u1w) 3703 | -7/Factory | Build established: Infiltrator-Mutant 3761 | -7/Factory | Core integrity fell below 50% 3800 | -7/Factory | Lost 6 parts (2p4u) 3894 | -7/Factory | Sucked down chute 3894 | -7/Factory | Entered Waste 3895 | -7/Waste | Met a frightened Derelict 3909 | -7/Waste | EMP discharged 3909 | -7/Waste | System corruption reached 30% 3920 | -7/Waste | Spotted C-40 Crusher 3972 | -7/Waste | Spotted C-40 Crusher 3973 | -7/Waste | Spotted C-40 Crusher 4003 | -7/Waste | Crushed by Compactor (1 part destroyed, 1 dropped) 4006 | -7/Waste | Crushed by Compactor (1 part destroyed, 2 dropped) 4009 | -7/Waste | EMP discharged 4009 | -7/Waste | Crushed by Compactor (1 part destroyed, 2 dropped) 4010 | -7/Waste | Core integrity fell below 20% 4015 | -7/Waste | Crushed by Compactor (1 part destroyed) 4020 | -7/Waste | Destroyed by C-40 Crusher with Compactor Last Messages --------------- EMP. 04002_ System corrupted: Component data lost. 04003_ Mic. Nuclear Core crushed. 04003_ Wheel crushed. 04003_ Hvy. Deuterium Engine destroyed. 04006_ VTOL Module crushed. 04006_ Hvy. Flail crushed. 04008_ Acquired Wheel. 04009_ System corrupted (+6). 04009_ Imp. Heat Sink crushed. 04009_ Mic. Nuclear Core crushed. 04009_ Adv. Hacking Suite crushed. 04014_ Slammed into C-40 Crusher. 04015_ VTOL Module crushed. 04015_ Adv. ECM Suite crushed. 04015_ Slammed into C-40 Crusher. 04018_ 5 Matter crushed. 04018_ Slammed into C-40 Crusher. 04020_ System corrupted: Substantial component data lost. Map ----- +----------------------------------------------------+ | ?????????????????????????????????????????????????? | | ?????????????????????????????????????????????????? | | ?????????????????????????????????????????????????? | | ?????????????????????????????????????????????????? | | ?????????????????????????????????????????????????? | | ?????????????????????????????????????????????????? | | ?????????????????????????????????????????????????? | | ?????????????????????????????????????????????????? | | ?????????????????????????????????????????????????? | | ?????????????????????????????????????????????????? | | ?????????????????????????????????????????????????? | | ?????????????????????????????????????????????????? | | ?????????????????????????????????????????????????? | | ?????????????????????????????????????????????????? | | ?????????????????????????????????????????????????? | | ?????????????????????????????????????????????????? | | ?????????????????????????????????????????????????? | | ?????????????????????????????????????????????????? | | ?????????????????????????????????????????????????? | | ?????????????????????????????????????????????????? | | ?????????????????????????????????????????????????? | | ?????????????????????????????????????????????????? | | ?????????????????????######??????????????????????? | | ?????????????????????# #??????????????????????? | | ?????????????????????# CC%#??????????????????????? | | ?????????????????????# CC@#??????????????????????? | | ?????????????????????#CCCC#??????????????????????? | | ???????????????????###CCCC#??????????????????????? | | ???????????????????# #??????????????????????? | | ???????????????????# #??????????????????????? | | ???????????????????# #??????????????????????? | | ???????????????????# #??????????????????????? | | ???????????????????### #??????????????????????? | | ?????????????????????# #??????????????????????? | | ?????????????????????# #??????????????????????? | | ?????????????????????# #????????? ????????????? | | ???????????????????### ######## ???????????? | | ???????????????????# ???????????? | | ???????????????????# ???????????? | | ???????????????????# ???????????? | | ???????????????????# ???????????? | | ???????????????????### ######## ???????????? | | ???????############??# #??????????????????????? | | ???????# #??# #??????????????????????? | | ???????# #??# #??????????????????????? | | ???????# #### #??????????????????????? | | ???????# #??????????????????????? | | ???????# #??????????????????????? | | ???????# #??????????????????????? | | ???????# #??????????????????????? | +----------------------------------------------------+ Best States ------------- Heat Dissipation 48 Energy Generation 40 Energy Capacity 795 Matter Stores 300 Matter Capacity 300 Sight Range 16 Robot Scan Range 14 Terrain Scan Density 10 ECM Strength 2 Jamming Range 12 Additional Mass Support 9 Base Temperature (-) 100 Armor Coverage 150 Resistance: KI 20 Resistance: TH 20 Resistance: EX 20 Resistance: EM 20 Resistance: I 20 Resistance: S 20 Resistance: P 20 Evasion (%) 55 Armor Integrity Analysis 30 Recoil Reduction 2 Force Boost 20 Offensive Hacking 24 Item Schematics ----------------- Lgt. Ion Engine | -7/Factory | Scanalyzed Robot Schematics ------------------ None Fabricated ------------ Nothing Repaired ---------- Nothing Alien Tech Used ----------------- None Achievements -------------- Batter Up Power Corrupts System Compromised Challenges ------------ None Game ------ Seed ZhirovDimensionalJammer Manual? 0 Play Time 01:09:21 Cumulative 11.8 hours Start 2025.10.09 @ 19:06:20 End 2025.10.09 @ 21:42:58 Sessions 1 Manual Loads 0 Difficulty Adventurer Special Mode None Game No. 8 Rogue 0 Adventurer 8 Explorer 0 Win Type - Total 0 Types 0/0/0/0/0/0/0/0/0/0 Lore% 1 Gallery% 8 Achievement% 9 Wizard Run 0 Options --------- Layout 1 ASCII 0 Keyboard 1 Movement Numpad Keybinds 0 Fullscreen 1 Font 24/Smallcaps Map View 50x35 Zoom Use 0% Tactical HUD 1 Map Filters NONE Filters NONE Steam 1 RUN: 35cc646f-67f8-4573-9be2-d07d2c49ee6e